[Event "93rd German Championship 2022"]
[Site "Magdeburg"]
[Date "2022.08.18"]
[Round "6.2"]
[White "Krassowizkij, Jaroslaw"]
[Black "Vogel, Roven"]
[Result "1/2-1/2"]
[ECO "B52"]
[WhiteElo "2428"]
[BlackElo "2465"]
[Annotator "TA"]
[PlyCount "114"]
[EventDate "2022.08.14"]
[EventType "swiss"]
[EventCountry "GER"]
[SourceTitle "playchess.com"]
[Source "ChessBase"]
[SourceQuality "1"]
[TimeControl "40/5400+30:1800+30"]

1. e4 c5 2. Nf3 d6 3. Bb5+ Bd7 4. Bxd7+ Nxd7 5. O-O Ngf6 6. Qe2 e6 7. d4 cxd4 8. Nxd4 Be7 9. c4 a6 {[%emt 0:02:55] B52: Sicilian: Moscow Variation with 3...Bd7.} 10. Nc3 Qa5 11. Bd2 {[%emt 0:13:58][%cal Oc3d5] [#]} Rc8 $146 ({Predecessor:} 11... Ne5 12. b3 Qc5 13. Nf3 Rc8 14. Rac1 O-O 15. Rfd1 Ng6 16. g3 h6 17. Kg2 Rfd8 {½-½ (36) Caron,S (2433)-Ristea,T (2404) ICCF email 2018}) 12. b3 Qh5 13. Qxh5 Nxh5 14. g4 Nhf6 15. g5 Nh5 16. f4 h6 17. g6 Bf6 18. gxf7+ (18. e5 {looks sharper.} dxe5 19. gxf7+ Kxf7 20. fxe5 Nxe5 21. Rae1) 18... Kxf7 19. Nf3 Ke7 20. Rad1 Bxc3 21. Bxc3 {[%emt 0:00:04] And now Nh4 would win.} Nxf4 {[%emt 0:00:08] ...Ne2+ is the strong threat.} 22. Bb4 Nc5 23. e5 Rhd8 24. exd6+ Rxd6 25. Rxd6 Kxd6 26. Rd1+ Ke7 27. Ne5 {[%emt 0:01:14] Threatens to win with Nd7.} Kf6 28. Bxc5 {[%emt 0:02:25] aiming for Bd6.} Kxe5 $11 {[%emt 0:00:19][%mdl 4096] Endgame KRB-KRN} 29. Bd6+ ({Much worse is} 29. Bd4+ Ke4 30. Bb6 Nd3 $17) 29... Kf5 30. Bxf4 Kxf4 $15 {[%emt 0:00:05] KR-KR} 31. Rd7 b5 $1 32. cxb5 Rc1+ 33. Kg2 Rc2+ 34. Kg1 (34. Kh3 $15 axb5 35. Rxg7) 34... axb5 $17 35. a4 ({White should play} 35. Rxg7 Rxa2 36. Rf7+ Kg4 37. Rg7+ Kf3 38. Rf7+ Kg4 39. Rg7+ Kf3 40. Rf7+ Kg4) 35... bxa4 36. bxa4 e5 (36... g6 $17 37. Rf7+ Ke5) 37. Rf7+ $11 Ke3 {[%emt 0:00:12] White should prevent ...g5.} 38. Rxg7 e4 39. a5 Ra2 40. Ra7 Ke2 41. a6 e3 42. Ra8 $2 (42. h3 $11) 42... Ra5 $2 (42... Ke1 $1 $19 43. a7 e2) 43. Kg2 {[%emt 0:06:56] [#]} (43. a7 $11) 43... Ke1 (43... Rg5+ $1 $17 44. Kh3 Rg7) 44. a7 $2 (44. Re8 $11) 44... e2 $19 {[%emt 0:05:52] Hoping for ...Rg5+.} 45. h4 {[%emt 0:02:29] [#] Against Rg5+} h5 $1 46. Kh2 Ra4 47. Kh3 Ra6 48. Kh2 Ra3 49. Kg2 Ra4 (49... Ra2 $142 50. Kh2 Ra6) 50. Kh3 $1 Kf1 ({Black should try} 50... Ra2 $19 51. Kg2 Ra3) 51. Rf8+ $11 {[%emt 0:00:07] The position is equal.} Kg1 {[%emt 0:00:08] ( -> ...Ra3+)} 52. a8=Q Rxa8 53. Rxa8 e1=Q 54. Rg8+ Kf2 55. Rf8+ Kg1 56. Rg8+ Kh1 57. Rg1+ $1 Kxg1 {[%emt 0:00:12] Black had all chances to win.  Weighted Error Value: White=0.40/Black=0.53} 1/2-1/2

[Event "93rd German Championship 2022"]
[Site "Magdeburg"]
[Date "2022.08.18"]
[Round "6.3"]
[White "Poetsch, Hagen"]
[Black "Dahl, Christoph"]
[Result "1-0"]
[ECO "B90"]
[WhiteElo "2500"]
[BlackElo "2355"]
[Annotator "TA"]
[PlyCount "85"]
[EventDate "2022.08.14"]
[EventType "swiss"]
[EventCountry "GER"]
[SourceTitle "playchess.com"]
[Source "ChessBase"]
[SourceQuality "1"]
[TimeControl "40/5400+30:1800+30"]

1. e4 c5 2. Nf3 d6 3. d4 cxd4 4. Nxd4 Nf6 5. Nc3 a6 6. Be3 e6 7. Be2 Qc7 8. Qd2 b5 9. f3 {[%emt 0:00:26][%cal Bf2f3,Bf3f4][%mdl 32] B84: Sicilian Scheveningen: 6 Be2 a6, lines without early Be3.} b4 10. Na4 d5 11. e5 {[%emt 0:06:40] White is better.} Nfd7 12. f4 Nc6 13. O-O {[%emt 0:09:53] [#]} (13. Rc1 $16) 13... Bb7 $146 ({Better is} 13... Nc5 $14 14. Nxc5 Bxc5) ({Predecessor:} 13... Nxd4 14. Bxd4 g6 15. Rac1 Qa5 16. b3 Nc5 17. Nxc5 Bxc5 18. c3 bxc3 19. Rxc3 Bb4 {1-0 (35) Gundavaa,B (2461)-Erkhembayar,D (2343) Ulaanbaatar 2009}) 14. Nb3 Be7 15. c4 bxc3 16. Qxc3 O-O 17. Rac1 Rfc8 18. Qe1 Qd8 19. Qf2 {[%emt 0:09:00] White is much more active.} Na5 (19... Bf8 $14) 20. Rxc8 $1 $18 Rxc8 (20... Bxc8 $16 {is a better defense.} 21. Nb6 Nxb3 22. Nxa8 Nbc5) 21. Nb6 $1 Nxb3 22. Nxc8 Qxc8 23. axb3 Bc6 24. Ra1 Nb8 25. Bd3 {[%emt 0:04:56] Black must now prevent Qc2.} Qb7 26. Qc2 g6 27. Bc5 Bxc5+ 28. Qxc5 Qxb3 29. Bc2 Qb7 30. Qd4 Bb5 31. Ra3 Bc4 ({Black should try} 31... Qc7 32. Qf2 d4) 32. Ba4 $16 Nc6 (32... Bb5 $16 33. Rb3 (33. Bxb5 Qxb5 34. b4 Nd7 $16) 33... Nc6) 33. Bxc6 $18 Qxc6 {[%emt 0:00:04][%mdl 4096] Endgame [#] KQR-KQB} 34. h3 $1 Qb5 35. Kh2 h5 36. g4 hxg4 37. hxg4 Qb4 (37... a5 {was necessary.} 38. f5 exf5) 38. Re3 Qa4 {[%emt 0:03:14] Inhibits b3.} 39. Rc3 {[%emt 0:00:38][%cal Of4f5] Inhibits Qc2+. And now f5! would win.} a5 $2 {[%emt 0:05:00] [#]} (39... Qa2 {might work better.} 40. Qb6 Qb1) 40. f5 $1 {[%emt 0:01:03] Hoping for fxg6. White is clearly winning.} Qa1 (40... Qb4 $142 41. fxe6 fxe6) 41. b3 Qa2+ 42. Kg3 ({But not} 42. Kh3 $2 Bf1+ 43. Kg3 (43. Kh4 {leads to mate.} Qh2+) 43... Qg2+ 44. Kf4 Qh2+ 45. Rg3 (45. Kg5 {is a self mate.} Kg7 46. f6+ Kh7) 45... g5+ 46. Kxg5 Qxg3 $19) 42... Bf1 43. Qf2 {[%emt 0:02:35] Weighted Error Value: White=0.15 (very precise) /Black=0.34} 1-0

[Event "93rd German Championship 2022"]
[Site "Magdeburg"]
[Date "2022.08.18"]
[Round "6.4"]
[White "Costa, Leonardo"]
[Black "Wachinger, Nikolas"]
[Result "1/2-1/2"]
[ECO "C02"]
[WhiteElo "2316"]
[BlackElo "2437"]
[Annotator "TA"]
[PlyCount "82"]
[EventDate "2022.08.14"]
[EventType "swiss"]
[EventCountry "GER"]
[SourceTitle "playchess.com"]
[Source "ChessBase"]
[SourceQuality "1"]
[TimeControl "40/5400+30:1800+30"]

1. e4 e6 2. d4 d5 3. e5 c5 4. c3 Nc6 5. Nf3 Qb6 6. a3 Nh6 7. b4 {[%emt 0:00:07] 7.Bd3 gains popularity. C02: French: Advance Variation.} cxd4 8. b5 Na5 9. Bxh6 gxh6 10. cxd4 Bd7 11. Nbd2 Rg8 (11... Bxb5 $2 12. Rb1 $18) 12. g3 Rg4 (12... Bxb5 $2 13. Rb1 $18) 13. Bh3 Rxd4 14. Nxd4 Qxd4 {[%emt 0:00:04] [#]} 15. Nf3 $146 {[%emt 0:14:33] [#]} (15. O-O $11) ({Predecessor:} 15. O-O Bxb5 16. Qh5 Bd7 17. Nf3 Qc5 18. Rfd1 Nc6 19. Rab1 Rb8 20. Rdc1 Qe7 21. a4 {½-½ (33) Yu,Y (2738)-Xu,Y (2548) Daqing 2019}) 15... Qe4+ $19 16. Qe2 Qxe2+ 17. Kxe2 Bxb5+ 18. Ke1 Nc4 19. Bf1 Bxa3 20. Rb1 Ba6 21. Bd3 Bb2 22. Ke2 b5 ({Stronger than} 22... Bxe5 23. Nxe5 Nxe5 24. Bxa6 bxa6 25. Ra1 $11) 23. Bxh7 {[%emt 0:07:06] [#]} b4 ({Weaker is} 23... Bxe5 24. Nxe5 Nxe5 25. Rhc1 $17) (23... Rb8 $1 $19 24. Bd3 Rb6) 24. Bd3 $17 {[%emt 0:00:06] Black must now prevent Rxb2.} Bc3 25. Rhc1 Bc8 {[%emt 0:02:23] A strong pair of Bishops.} (25... Kd7 $142 {And now ...Kc6 would win.} 26. Rxc3 bxc3) 26. Rb3 a5 27. Bxc4 dxc4 28. Rbxc3 bxc3 29. Rxc3 {[%emt 0:00:03][%mdl 4096] Endgame KRB-KRN} a4 {[%emt 0:01:50] aiming for ...a3.} 30. Ra3 Bd7 (30... Ra5 $17 31. Kd2 Bd7) 31. Nd2 Ke7 (31... Bc6 $17) 32. Ke3 $15 Ra5 (32... Bb5 $5 ) 33. Nxc4 {[%emt 0:01:16] The position is equal.} (33. f4 {keeps more tension.} c3 34. Ne4 c2 35. Kd2) 33... Rc5 34. Kd4 Rd5+ 35. Kc3 Bb5 36. f4 Bxc4 37. Kxc4 Rd2 38. Rxa4 Rxh2 39. Ra7+ Kf8 40. Kd4 Rg2 41. Ra3 Kg7 {[%emt 0:30:11] Black had all chances to win.  Weighted Error Value: White=0.19 (very precise) /Black=0.13 (very precise)} 1/2-1/2

[Event "93rd German Championship 2022"]
[Site "Magdeburg"]
[Date "2022.08.18"]
[Round "6.5"]
[White "Westphal, Wolfgang"]
[Black "Becker, Michael"]
[Result "1-0"]
[ECO "B52"]
[WhiteElo "2175"]
[BlackElo "2270"]
[Annotator "TA"]
[PlyCount "131"]
[EventDate "2022.08.14"]
[EventType "swiss"]
[EventCountry "GER"]
[SourceTitle "playchess.com"]
[Source "ChessBase"]
[SourceQuality "1"]
[TimeControl "40/5400+30:1800+30"]

1. Nf3 c5 2. e4 d6 3. Bb5+ Bd7 4. Bxd7+ Qxd7 5. O-O Nf6 6. e5 dxe5 7. Nxe5 Qc7 8. d4 cxd4 {[%emt 0:00:26] B52: Sicilian: Moscow Variation with 3...Bd7.} 9. Bf4 Nc6 10. Re1 {[%emt 0:02:01][%cal Oe5g6] [#] Strongly threatening Ng6!} (10. Ng6 e5 11. Bxe5 (11. Nxh8 exf4 12. Qe2+ Qe5 $15) 11... Nxe5 $1 $15) 10... Qb6 $146 (10... Qa5 $11 {and Black is okay.}) ({Predecessor:} 10... Qd8 11. Na3 e6 12. Nb5 Rc8 13. Nc4 Qd5 14. Ncd6+ Bxd6 15. Nxd6+ Ke7 16. c4 dxc3 17. Nxc8+ Rxc8 18. bxc3 {0-1 (32) Hall,J (2524)-Popov,V (2598) Sweden 2001}) 11. Nc4 $18 Qc5 12. Nd6+ {[%emt 0:00:18][%mdl 64] Deflection, Double Attack} Kd7 13. Nxf7 Rg8 14. c3 (14. Qe2 $6 e5 $18) (14. Qf3 Qd5 $18) 14... Qf5 15. Ne5+ ({And not} 15. Qb3 Qxf4 16. g3 (16. Qxb7+ Qc7 $11) 16... Qc7 17. Qe6+ Ke8 18. Nd6+ Kd8 19. Nf7+ Ke8 20. Nd6+ Kd8 21. Nf7+ Ke8 $11) 15... Ke8 16. Nxc6 bxc6 17. Qxd4 Nd5 18. Bg3 g6 19. Nd2 Bg7 20. Qc5 Qd7 21. c4 Nb6 {[%emt 0:02:59] [#]} 22. Bh4 $1 Nc8 23. Nf3 Rf8 24. Rad1 Rf5 25. Qa3 Qb7 26. Re2 a5 27. Qd3 Kf7 28. Rde1 (28. g4 $142 Rf4 29. Qe3 Rxg4+ 30. Bg3) 28... Kg8 29. Bxe7 (29. Ng5 $142) 29... Nxe7 30. Rxe7 Qxb2 31. Qd7 c5 $2 {[%emt 0:02:10] [#]} (31... Raf8 32. R7e2 Qb6) 32. Re8+ $2 (32. g4 $1 $18 Rff8 33. R1e2 Qa1+ 34. Kg2) 32... Rxe8 $16 33. Rxe8+ ({Don't play} 33. Qxe8+ Rf8 34. Qe6+ Kh8 $14) 33... Bf8 34. Qe6+ Kg7 35. h4 {[%emt 0:13:53] Dancing on a razor blade.} ({Reject} 35. Kh1 Qxf2 36. h3 Qxa2 $15) (35. Qe2 $1 $16 Qxe2 36. Rxe2) 35... Qxa2 36. Qe1 {[%emt 0:02:33] Black must now prevent Ng5.} Qxc4 37. Qa1+ Kh6 38. Qxa5 Qc1+ 39. Re1 Qf4 40. Qa7 c4 $2 {[%emt 0:01:49][%mdl 8192] [#] This costs Black the game.} (40... Rf7 $11 {and Black has nothing to worry.} 41. Qa2 Rd7) 41. Ng5 $1 $18 Qxh4 {[%emt 0:33:21] [#]} 42. Nf7+ Kh5 (42... Rxf7 $142 43. Qxf7 Bd6) 43. Ne5 Kh6 44. g3 Qh3 45. Re4 {[%emt 0:00:37] aiming for Nf7+.} Qh5 46. Nf7+ (46. Ng4+ $142 Qxg4 47. Rxg4) 46... Kg7 47. Nd6+ Kg8 48. Nxf5 {[%emt 0:00:00] Active counter play!} Qxf5 49. Rxc4 {[%emt 0:00:00][%mdl 4096] Endgame KQR-KQB} Qd5 50. Qd4 Qxd4 51. Rxd4 {[%emt 0:00:00] KR-KB} Kf7 52. Rd7+ Be7 53. Kg2 {[%emt 0:00:00] Hoping for g4.} h6 $2 (53... Ke6 54. Rb7 h5) 54. Kf3 (54. Rc7 $142 Kf6 55. Kf3) 54... Ke6 55. Ra7 Bc5 $2 (55... h5 56. Ra4 Kf6) 56. Ra6+ Kf7 57. g4 Be7 58. Ke4 h5 59. gxh5 {[%emt 0:00:00] White mates.} gxh5 60. Rh6 Ba3 61. Rxh5 Bb2 62. Kf5 Bd4 63. f3 Bc3 64. Rh7+ Kf8 65. Kg6 Bd4 66. f4 {Weighted Error Value: White=0.38/Black=0.69} 1-0

[Event "93rd German Championship 2022"]
[Site "Magdeburg"]
[Date "2022.08.18"]
[Round "6.6"]
[White "Braun, Georg"]
[Black "Richter, Nils"]
[Result "1/2-1/2"]
[ECO "B12"]
[WhiteElo "2398"]
[BlackElo "2359"]
[Annotator "TA"]
[PlyCount "112"]
[EventDate "2022.08.14"]
[EventType "swiss"]
[EventCountry "GER"]
[SourceTitle "playchess.com"]
[Source "ChessBase"]
[SourceQuality "1"]
[TimeControl "40/5400+30:1800+30"]

1. e4 c6 2. d4 d5 3. e5 c5 4. dxc5 e6 5. Nf3 Bxc5 6. Bd3 {[%emt 0:00:10] B12: Caro-Kann: Advance Variation.} f6 {[%emt 0:02:22] 6...Ne7 gains popularity.} 7. O-O Nc6 8. Qe2 fxe5 9. Nxe5 Nf6 {[%emt 0:00:25] Inhibits Qh5+.} 10. Bf4 Bd6 11. Nd2 O-O 12. Bg3 {[%emt 0:16:22] [#]} Qc7 $146 ({Predecessor:} 12... Nb4 13. Rfe1 Qe7 14. a3 Nxd3 15. cxd3 Bd7 16. Nxd7 Qxd7 17. Qxe6+ Qxe6 18. Rxe6 Bxg3 19. hxg3 {½-½ (28) Degraeve,J (2525)-Fressinet,L (2450) Montpellier 1998}) 13. Rfe1 Nxe5 14. Bxe5 Bxe5 15. Qxe5 Qxe5 16. Rxe5 Ne8 17. Nf3 Nc7 18. Nd4 Bd7 19. g3 b5 20. a3 a5 21. f4 h6 22. Kf2 (22. Rc1 $142) 22... Kf7 $16 23. Rae1 Ke7 24. Ke3 {[%emt 0:06:05] 0x0.001b84b59885dp-1022s more active pieces.} Kd6 25. Kd2 b4 26. axb4 axb4 27. h4 Ra2 28. f5 exf5 (28... Ra1 $11 {keeps the balance.}) 29. Bxf5 (29. Re7 $16) 29... Bxf5 $11 30. Rxf5 Raa8 (30... Re8 $5 ) 31. Ref1 Ne6 32. Rxf8 Rxf8 33. Rxf8 Nxf8 $14 {[%emt 0:00:03][%mdl 4096] Endgame KN-KN} 34. Nf5+ Ke5 35. Nxg7 Nd7 36. Nh5 {[%emt 0:05:19] Hoping for Ke3.} Nc5 37. g4 d4 {[%emt 0:02:41] The position is equal.} 38. Ng3 Kf4 39. g5 Kxg3 40. gxh6 $11 {[%emt 0:00:09] KN-KP} Ne4+ 41. Kd3 Nf6 42. Kxd4 Kxh4 {[%emt 0:00:32] KN-K3P} 43. Kc5 Kg5 44. Kxb4 Kxh6 {[%emt 0:00:12] KN-KPP} 45. Kb5 Kg6 46. Kc6 Kf5 47. b4 Ke5 48. b5 Nd5 49. c3 {[%emt 0:00:00] [#] b6 would kill now.} Ke4 50. Kd6 Nb6 $1 51. Kc5 Na4+ 52. Kb4 Nb6 53. Kc5 Na4+ 54. Kc6 (54. Kb4 $5 Nb6 55. Kc5 $11) 54... Kd3 55. b6 Nxb6 56. Kxb6 Kxc3 {[%emt 0:00:00] Weighted Error Value: White=0.11 (very precise) /Black=0.10 (very precise)} 1/2-1/2

[Event "93rd German Championship 2022"]
[Site "Magdeburg"]
[Date "2022.08.18"]
[Round "6.7"]
[White "Schulz, Lukas"]
[Black "Roseneck, Jonas"]
[Result "0-1"]
[ECO "C34"]
[WhiteElo "2272"]
[BlackElo "2384"]
[Annotator "TA"]
[PlyCount "64"]
[EventDate "2022.08.14"]
[EventType "swiss"]
[EventCountry "GER"]
[SourceTitle "playchess.com"]
[Source "ChessBase"]
[SourceQuality "1"]
[TimeControl "40/5400+30:1800+30"]

1. e4 e5 2. f4 exf4 3. Nf3 Nf6 4. e5 Nh5 5. Qe2 Be7 6. d4 {[%emt 0:00:28] C34: King's Gambit Accepted: 3 Nf3: 3...Nf6 and 3...d6.} O-O {[%emt 0:00:50] Threatens to win with ...d6.} 7. Nc3 {[%emt 0:00:17] is cutting edge theory.} d6 {[%emt 0:00:22] Hoping for ...Bg4.} 8. Bd2 {[%emt 0:01:22] Black is slightly better.} Bg4 9. O-O-O Nd7 10. Ne4 g6 11. Nf2 Be6 {[%emt 0:02:56] [#]} 12. Nd3 $146 (12. Kb1 $1 $15) ({Predecessor:} 12. Kb1 c6 13. Qe1 a5 14. Nd3 a4 15. Nxf4 Nxf4 16. Bxf4 dxe5 17. dxe5 Qb6 18. Nd4 {½-½ (55) Kahl,F (2396)-Pascual Perez,N (2459) LSS email 2020}) 12... dxe5 13. dxe5 c6 14. g3 (14. a3 $15) 14... fxg3 $17 15. Qg2 Nb6 ({Black should try} 15... f6 $17 {And now ...fxe5 would win.} 16. exf6 Ndxf6) 16. hxg3 $15 {[%emt 0:01:50] aiming for g4.} Qd5 (16... Bxa2 17. g4 Ng7 18. Qh2 $18) 17. b3 $1 Bg4 18. Be2 a5 19. Bc3 {[%emt 0:02:52] This costs White the game.} ({Better is} 19. Be3 $1 $15 Na4 20. bxa4 Qxa2 21. Kd2 Qxa4 22. c3) 19... a4 $40 {[%emt 0:05:48][%mdl 128] ...axb3 is the strong threat. Black has strong attack.} 20. Nf2 $2 (20. Qf2 {is a better chance.}) 20... Qc5 {[%emt 0:03:50] Black is clearly winning.} 21. Bb2 {[%emt 0:04:28] [#]} axb3 $1 22. axb3 Qe3+ 23. Kb1 Qxe2 24. Nd4 {[%emt 0:00:17] [#]} Qa6 25. Nxg4 Qa2+ 26. Kc1 Ba3 27. Bxa3 Qa1+ (27... Rxa3 28. Kd2 Nd5 29. Qf3 $15) 28. Kd2 Qxd4+ ({Weaker is} 28... Qxa3 29. Rxh5 Qa5+ 30. Kd3 $16 (30. b4 Qxb4+ 31. Ke2 f5 $11)) 29. Ke1 Qxg4 30. Bxf8 Rxf8 31. Rh4 Qg5 {[%emt 0:00:32] Strongly threatening ...Re8.} 32. Re4 Nxg3 {[%emt 0:01:57] Weighted Error Value: White=0.55/Black=0.05 (flawless)} 0-1

[Event "93rd German Championship 2022"]
[Site "Magdeburg"]
[Date "2022.08.18"]
[Round "6.8"]
[White "Carlstedt, Jonathan"]
[Black "Colpe, Malte"]
[Result "1-0"]
[ECO "D41"]
[WhiteElo "2446"]
[BlackElo "2369"]
[Annotator "TA"]
[PlyCount "71"]
[EventDate "2022.08.14"]
[EventType "swiss"]
[EventCountry "GER"]
[SourceTitle "playchess.com"]
[Source "ChessBase"]
[SourceQuality "1"]
[TimeControl "40/5400+30:1800+30"]

1. c4 e6 2. Nc3 d5 3. d4 Nf6 4. Nf3 c5 5. cxd5 Nxd5 6. e4 Nxc3 7. bxc3 cxd4 8. cxd4 Bb4+ 9. Bd2 Bxd2+ 10. Qxd2 O-O 11. h4 {[%emt 0:00:03] D41: Queen's Gambit Declined: Semi-Tarrasch with 5 cxd5.} b6 12. Rd1 Bb7 13. Bd3 {[%emt 0:00:16] The position is equal.} Nd7 14. O-O Rc8 15. Rfe1 Re8 16. Bb1 {[%emt 0:10:12] [#]} Nf8 $146 ({Predecessor:} 16... Qc7 17. Qe3 Nf6 18. Rc1 Qe7 19. Rxc8 Rxc8 20. Qd2 Nd7 21. Qb2 h6 22. Qb3 Nf6 {½-½ (31) Bu,X (2708)-Ma,Q (2645) Hangzhou 2022}) 17. h5 h6 18. Qf4 Qc7 19. Qg4 Nh7 20. Re3 Nf6 21. Qh4 Rcd8 22. Ree1 Rc8 23. Ne5 Red8 24. Nf3 Qc4 25. Bd3 (25. g4 $11) 25... Qb4 26. a3 (26. Re3 $15) 26... Qa4 27. Bb1 Rd7 (27... Qxa3 $17 28. d5 b5) 28. d5 $15 exd5 (28... Qxa3 $15 29. Qg3 Qb3) 29. e5 $14 Ne4 {[%emt 0:01:03] [#]} (29... Qxh4 $1 $11 {remains equal.} 30. Nxh4 Nxh5) 30. Qg4 $1 $16 {[%emt 0:09:34] Black must now prevent Bxe4.} Rcd8 $2 {[%emt 0:00:52][%mdl 8192] A mistake that costs the game.} (30... Rdc7 $16) 31. e6 $18 fxe6 32. Qxe6+ ({Worse is} 32. Bxe4 dxe4 33. Qxe6+ Kh7 34. Qg6+ (34. Rxd7 Qxd7 35. Qg6+ Kg8 $17) 34... Kg8 35. Qe6+ Kh7 36. Qg6+ (36. Rxd7 Qxd7 37. Qg6+ Kg8 $17) 36... Kg8 37. Qe6+ $11) 32... Kh8 33. Ne5 {[%emt 0:00:58] And now Bxe4 would win.} Rd6 34. Nf7+ {[%emt 0:00:14] White mates.} Kh7 35. Nxd6 Rxd6 36. Qxd6 {[%emt 0:00:27] Weighted Error Value: White=0.10 (very precise) /Black=0.49} (36. Bxe4+ $142 Qxe4 37. Qxd6 Qg4 38. Qc7 Bc8 39. Rxd5 Bf5 40. Re3 Be4 41. f3) 1-0

[Event "93rd German Championship 2022"]
[Site "Magdeburg"]
[Date "2022.08.18"]
[Round "6.9"]
[White "Langheinrich, Ferenc"]
[Black "Gungl, Theo"]
[Result "1/2-1/2"]
[ECO "A11"]
[WhiteElo "2357"]
[BlackElo "2359"]
[Annotator "TA"]
[PlyCount "80"]
[EventDate "2022.08.14"]
[EventType "swiss"]
[EventCountry "GER"]
[SourceTitle "playchess.com"]
[Source "ChessBase"]
[SourceQuality "1"]
[TimeControl "40/5400+30:1800+30"]

1. c4 c6 2. Qa4 Nf6 3. Nf3 e6 4. d4 d5 5. g3 Nbd7 6. Nbd2 {[%emt 0:00:06] A11: English Opening: 1...c6.} dxc4 7. Qxc4 c5 8. dxc5 {[%emt 0:13:14] White is slightly better.} Bxc5 {[%emt 0:01:18] [#]} 9. Nb3 $146 ({Predecessor:} 9. Bg2 O-O 10. O-O Be7 11. Qc2 Nb6 12. Ne5 Nbd5 13. Qb3 a5 14. a4 Qd6 15. Ndc4 {1-0 (22) Esipenko,A (2571)-Vega Gutierrez,S (2427) Caleta 2018}) 9... Be7 10. Bg2 Nb6 11. Qd4 O-O 12. O-O Nbd5 13. a3 Bd7 14. e4 Nb6 15. e5 Nfd5 16. Qg4 {[%emt 0:05:21] And now Bh6 would win.} Kh8 17. Qh5 Qe8 18. Qg4 Bb5 19. Re1 Rc8 20. Nbd4 Bd3 {[%emt 0:01:24] Against Qe4} 21. h4 Rc4 22. b3 Bf5 23. Qxf5 exf5 $17 24. bxc4 Nxc4 25. Nxf5 Bc5 26. h5 (26. Bg5 $17) 26... Qe6 27. N3d4 {[%emt 0:03:34] [#]} Qb6 28. Bxd5 (28. h6 g6) 28... Bxd4 29. Ra2 Qc5 ({Not} 29... Nxe5 30. h6 gxh6 31. Nxd4 Qxd4 32. Rd2 $17) (29... Qa5 $19 30. Rd1 Qxd5 31. Rxd4 Qe6) 30. Bxb7 Bxe5 {[%emt 0:02:24] ...Bc3 is the strong threat.} 31. Rc2 {[%emt 0:03:13] Inhibits Bc3.} Qb5 32. Bg2 Bf6 ({Black should play} 32... h6 $17 33. Bf1 Qa5) 33. h6 $11 Qxf5 (33... Qa5 $5 34. hxg7+ Bxg7 $17) 34. hxg7+ Kxg7 35. Rxc4 Rc8 36. Rf4 Qa5 37. Rg4+ Kh8 38. Rge4 Kg7 39. Rg4+ Kh8 40. Rge4 Kg7 {White happily takes the draw.  Weighted Error Value: White=0.14 (very precise) /Black=0.20 (precise)} 1/2-1/2

[Event "93rd German Championship 2022"]
[Site "Magdeburg"]
[Date "2022.08.18"]
[Round "6.10"]
[White "Parvanyan, Alfred"]
[Black "Kunin, Vitaly"]
[Result "1/2-1/2"]
[ECO "A06"]
[WhiteElo "2126"]
[BlackElo "2528"]
[Annotator "TA"]
[PlyCount "82"]
[EventDate "2022.08.14"]
[EventType "swiss"]
[EventCountry "GER"]
[SourceTitle "playchess.com"]
[Source "ChessBase"]
[SourceQuality "1"]
[TimeControl "40/5400+30:1800+30"]

1. Nf3 d5 2. g3 c6 3. Bg2 Bg4 4. d4 Nd7 5. O-O e6 6. Nbd2 Ngf6 7. Re1 Be7 8. e4 h6 {[%emt 0:00:08] D02: 1 d4 d5 2 Nf3 sidelines, including 2...Nf6 3 g3 and 2...Nf6 3 Bf4.} 9. c3 O-O 10. Qb3 {[%emt 0:02:58] The old main line.} Rb8 11. exd5 cxd5 12. Nf1 {[%emt 0:02:24] [#]} Bxf3 $146 ({Predecessor:} 12... b5 13. Bf4 Rb6 14. Ne5 Nxe5 15. dxe5 Nd7 16. Be3 Rb7 17. a4 a6 18. axb5 Rxb5 {0-1 (38) Dausch,R (2355)-Stojanovic,M (2559) Germany 2013}) 13. Bxf3 Bd6 14. Ne3 b5 15. a4 a6 16. axb5 axb5 17. Ra6 Ne8 18. Bd2 Nb6 19. Rea1 ({Avoid the trap} 19. Qxb5 $2 Nc4 20. Qa4 Nxd2 $19) 19... f5 20. Ng2 {[%emt 0:11:49] Prevents f4.} ({Not} 20. Qxb5 $2 Nc4 21. Ra8 Nxd2 $19) 20... Nc4 (20... Nc7 $11) 21. Qc2 (21. Bf4 $16) 21... Nc7 $11 22. Ra7 b4 23. Bf4 bxc3 24. bxc3 Rb2 25. Qa4 (25. Qc1 $1 $14) 25... Nb5 26. Bxd6 Ncxd6 {[%emt 0:17:00] Pair of Knights!} 27. Nf4 (27. Ra6 $11) 27... Nxa7 $17 28. Nxe6 {[%emt 0:01:59] [#]} Qe8 29. Qxe8 ({Reject} 29. Nxf8 Nab5 30. Bxd5+ Kxf8) 29... Rxe8 30. Rxa7 {[%emt 0:04:13] [#]} Ne4 (30... Rxe6 $2 31. Bxd5 Rbe2 32. Re7 $18) (30... Kh8 $1 $17 31. Bxd5 Nb5) 31. Nxg7 $11 {[%emt 0:04:05] The position is equal.} Rf8 32. Ne6 $132 {[%emt 0:02:57][%mdl 2048] Bxe4 is the strong threat. White is not keeping still} Rc8 33. Nc7 Nxf2 34. Bxd5+ Kh8 $1 35. c4 Ng4 {[%emt 0:01:12][%mdl 1024] Black has compensation.} 36. Be6 Rf8 37. Nd5 $1 Rb1+ 38. Kg2 Rb2+ 39. Kg1 Rb1+ 40. Kg2 Rb2+ 41. Kg1 Rb1+ {[%emt 0:12:22] Weighted Error Value: White=0.16 (very precise) /Black=0.17 (very precise)} 1/2-1/2